 Dungeon Crawl Stone Soup version 0.20.1-1-g8b1a95d (console) character file.

70 vuolankoinen the Sneak (level 4, 0/19 HPs)
             Began as a Felid Wizard on Nov 8, 2017.
             Slain by a shadow imp (3 damage)
             ... on level 5 of the Dungeon.
             The game lasted 00:15:03 (4127 turns).

vuolankoinen the Sneak (Felid Wizard)               Turns: 4127, Time: 00:15:04

Health: 0/19       AC:  1    Str:  4    XL:     4   Next: 3%
Magic:  4/9        EV: 18    Int: 19    God:
Gold:   116        SH:  0    Dex: 14    Spells: 1/9 levels left
                                        Lives:  0   Deaths: 1

rFire    . . .     SeeInvis +     - Unarmed
rCold    . . .     Gourm    .   (shield unavailable)
rNeg     . . .     Faith    .   (armour unavailable)
rPois    .         Spirit   .   (helmet unavailable)
rElec    .         Reflect  .   (cloak unavailable)
rCorr    .         Harm     .   (gloves unavailable)
MR       +....     Rnd*Tele +   (boots unavailable)
Stlth    +++.......             (no amulet)
Regen    0.1/turn               v - ring of teleportation (curse)
MPRegen  0.2/turn               (no ring)

@: quick
A: no armour, no weapons or thrown items, stealth, claws 1, fangs 3, see
invisible, carnivore 3, speed 1, magic resistance 1, shaggy fur 1, slow
metabolism 1, wild magic 1, evolution 1, sharp paws
a: no special abilities


You were on level 5 of the Dungeon.
You were not hungry.

You visited 1 branch of the dungeon, and saw 5 of its levels.

You collected 116 gold pieces.

Inventory:

Jewellery
 v - a cursed ring of teleportation (left paw)
Wands
 j - a wand of flame (7/48)
Scrolls
 c - a scroll of random uselessness {unknown}
 e - 5 scrolls of identify {unknown}
 f - 2 scrolls of magic mapping {unknown}
 l - 2 scrolls of blinking {unknown}
 p - 2 scrolls of teleportation {unknown}
 r - a scroll of immolation {unknown}
 s - a scroll of remove curse {unknown}
 u - 2 scrolls of amnesia {unknown}
Potions
 d - a potion of haste
 g - a potion of flight {unknown}
 h - a potion of brilliance {unknown}
 i - a potion of might {unknown}
 k - a potion of curing {unknown}
 n - a potion of berserk rage {unknown}
 t - a potion of degeneration {unknown}
Books
 a - a book of Minor Magic

   Spells                             Type                      Level
   a - Magic Dart                     Conjuration                  1
   b - Blink                          Translocation                2
   c - Call Imp                       Summoning                    2
   d - Slow                           Hexes                        2
   e - Conjure Flame                  Conjuration/Fire             3
   f - Mephitic Cloud                 Conjuration/Poison/Air       3
 q - a book of Changes

   Spells                             Type                      Level
   a - Beastly Appendage              Transmutation                1
   b - Sticks to Snakes               Transmutation                2
   c - Spider Form                    Transmutation/Poison         3
   d - Ice Form                       Ice/Transmutation            4
   e - Blade Hands                    Transmutation                5
Comestibles
 b - a meat ration
 o - a royal jelly


   Skills:
 * Level 2.2 Fighting
 + Level 3.6 Dodging
 * Level 4.8 Stealth
 + Level 1.7 Unarmed Combat
 - Level 3.0 Spellcasting
 - Level 0.8 Conjurations
 - Level 1.2 Summonings
 - Level 1.5 Translocations


You had one spell level left.
You knew the following spells:

 Your Spells              Type           Power        Failure   Level  Hunger
a - Magic Dart            Conj           #...         16%         1    None
b - Blink                 Tloc           N/A          17%         2    ##.....
c - Call Imp              Summ           #.......     21%         2    ##.....
d - Slow                  Hex            #.......     30%         2    ##.....
e - Beastly Appendage     Tmut           #.....       22%         1    None


Dungeon Overview and Level Annotations

Branches:
Dungeon (5/15)
 Temple: D:4-7

Altars:
Trog

Shops:
D:4 *

Annotations:
D:4 smedtjen's ghost, amateur DsAK


Innate Abilities, Weirdness & Mutations

You cannot wear armour.
You are incapable of wielding weapons or throwing items.
Your paws allow you to move quietly. (Stealth)
You have sharp claws.
You have razor-sharp teeth.
You have supernaturally acute eyesight. (SInv)
You are carnivorous and can eat meat at any time.
You cover ground quickly.
You are covered in fur. (AC +1)
You have a slow metabolism.
Your sharp claws are effective at attacking unaware monsters.
You are resistant to hostile enchantments. (MR+)
Your spells are a little harder to cast, but a little more powerful.
You evolve.


Message History

Casting: Beastly Appendage
Confirm with . or Enter, or press ? or * to list all spells.
Aiming: Magic Dart
Press: ? - help, Shift-Dir - straight line, f - shadow imp
Aim: a shadow imp (moderately wounded)
The magic dart hits the shadow imp.
The shadow imp is moderately wounded.
Your horns disappear.
Your white imp gestures at the shadow imp.
The puff of frost hits the shadow imp.
The shadow imp resists.
The shadow imp completely misses you.
Casting: Magic Dart
Confirm with . or Enter, or press ? or * to list all spells.
Aiming: Magic Dart
Press: ? - help, Shift-Dir - straight line, f/p - shadow imp
Aim: a shadow imp (heavily wounded)
The magic dart hits the shadow imp.
The shadow imp is heavily wounded.
Your white imp barely misses the shadow imp.
The shadow imp hits you.
You die...

..##### .......####
######## ..........#
#......### #.........#
#......+.# #.........#
#......#.#
#.........#####......#.#
#.........#.........##.#
+.....†55.+.....>..###.#
#....)..@.#.#.###......#
..........#.#.###..###.#
................#..# #.#
...........##.#.#..# #<#
#..........##.#.#..# #.#
#...........#.#.#... ..#
###########.#.#........#
%..###....... ...#
#####..# #..# #... ...
#..#


You could see a shadow imp and a friendly white imp.

Vanquished Creatures
  An iguana (D:4)
  A gnoll (D:1)
  2 adders
  2 worms
  5 dart slugs
  A ball python (D:2)
  9 bats
  A giant cockroach (D:4)
  2 goblins (D:1)
  9 hobgoblins
  2 jackals (D:2)
  2 kobolds (D:1)
  2 quokkas (D:3)
  6 frilled lizards
  6 rats
51 creatures vanquished.

Vanquished Creatures (collateral kills)
  An adder (D:3)
  An ooze (D:3)
  A worm (D:3)
  3 orcs (D:5)
  2 hobgoblins (D:3)
  A kobold (D:3)
9 creatures vanquished.

Vanquished Creatures (others)
  A wizard (D:3)
1 creature vanquished.

Grand Total: 61 creatures vanquished

Notes
Turn   | Place    | Note
-------+----------+-------------------------------------------
     0 | D:1      | vuolankoinen the Felid Wizard began the quest for the Orb.
     0 | D:1      | Reached XP level 1. HP: 7/7 MP: 5/5
    82 | D:1      | Reached skill level 3 in Stealth
   237 | D:1      | Reached XP level 2. HP: 12/12 MP: 4/7
   249 | D:1      | Reached skill level 1 in Fighting
  1275 | D:1      | Learned a level 2 spell: Blink
  1278 | D:1      | Learned a level 2 spell: Call Imp
  1281 | D:1      | Learned a level 2 spell: Slow
  1297 | D:1      | Reached XP level 3. HP: 15/15 MP: 3/8
  2184 | D:2      | Reached skill level 4 in Stealth
  2505 | D:3      | Reached skill level 1 in Unarmed Combat
  2691 | D:3      | Reached XP level 4. HP: 15/19 MP: 2/9
  3206 | D:3      | Found a bloodstained altar of Trog.
  3207 | D:3      | Noticed a wizard
  3213 | D:3      | Killed a wizard
  3379 | D:3      | Learned a level 1 spell: Beastly Appendage
  3692 | D:4      | Found Cyushra's Assorted Antiques.
  3890 | D:4      | Noticed smedtjen's ghost (amateur DsAK)
  3992 | D:4      | Gained mutation: Your spells are a little harder to cast, but a little more powerful. [potion of mutation]
  3992 | D:4      | Gained mutation: You are resistant to hostile enchantments. (MR+) [potion of mutation]
  3992 | D:4      | Gained mutation: You evolve. [potion of mutation]
  3992 | D:4      | Succumbed to a worker ant's poison
  3993 | D:4      | Reached XP level 3. HP: 0/16 MP: 1/8
  4088 | D:5      | Entered Level 5 of the Dungeon
  4119 | D:5      | Reached XP level 4. HP: 5/19 MP: 5/9
  4127 | D:5      | Slain by a shadow imp

Skill      XL: |  1  2  3  4 |
---------------+-------------+-----
Stealth        | 3 4 |  4.8
Fighting       | 1 2 |  2.2
Dodging        | 3 |  3.6
Unarmed Combat | 1 |  1.7
Spellcasting   | |  3.0
Conjurations   | |  0.8
Summonings     | |  1.2
Translocations | |  1.5

Action                   |  1- 3 |  4- 6 || total
-------------------------+-------+-------++-------
Melee: Unarmed           |   125 |    86 ||   211
       Bite              |     6 |     4 ||    10
       Punch             |     2 |     1 ||     3
       Headbutt          |       |     3 ||     3
 Cast: Magic Dart        |    49 |    16 ||    65
       Call Imp          |    11 |     7 ||    18
       Blink             |     2 |       ||     2
       Beastly Appendage |     1 |     4 ||     5
  Use: Potion            |     2 |     1 ||     3
 Stab: Sleeping          |     9 |     5 ||    14
  Eat: Chunk             |    10 |     4 ||    14
Armor: Skin              |    13 |     3 ||    16
Dodge: Dodged            |   129 |    63 ||   192
